[Event "Titled Tuesday Blitz November 14 Late 2023"]
[White "OPQRC"]
[Black "Lock, Gavin R"]
[BlackFideId "408646"]
[WhiteElo "2587"]
[BlackElo "2257"]
[Result "1-0"]
[Round "4"]
[TimeControl "180+1"]
[Date "2023.11.14"]
[WhiteClock "0:01:26"]
[BlackClock "0:00:07"]
[Board "75"]

1. e4 c6 2. Nc3 d5 3. d4 dxe4 4. Nxe4 Nf6 5. Ng3 h5 6. h4 c5 7. Nf3 Nc6 8. Bb5 Qa5+ 9. c3 Qxb5 10. d5 Nb8 11. Ng5 g6 12. Bf4 c4 13. d6 e5 14. Be3 Nc6 15. O-O Bg7 16. N3e4 Nxe4 17. Nxe4 O-O 18. d7 Bxd7 19. Qxd7 Rad8 20. Qh3 Qxb2 21. Bg5 Rd3 22. f3 f5 23. Rab1 Qxa2 24. Rxb7 fxe4 25. Qe6+ Kh8 26. Qxg6 Rg8 27. Qxh5+ 1-0


[Site "https://www.chess.com"]

[Event "Titled Tuesday Blitz November 14 Late 2023"]
[White "Kubicka, Anna"]
[Black "Sivanandan, Bodhana"]
[WhiteFideId "1152254"]
[BlackFideId "497592"]
[WhiteElo "2466"]
[BlackElo "2186"]
[Result "1-0"]
[Round "4"]
[TimeControl "180+1"]
[Date "2023.11.14"]
[WhiteClock "0:00:04"]
[BlackClock "0:00:58"]
[Board "76"]

1. e4 e6 2. d4 d5 3. Nd2 dxe4 4. Nxe4 Nf6 5. Nxf6+ Qxf6 6. Nf3 Bd6 7. Bg5 Qg6 8. Bd3 Qh5 9. Qd2 f6 10. Be3 Bd7 11. O-O-O Nc6 12. a3 O-O-O 13. h3 e5 14. d5 Ne7 15. Bxa7 f5 16. Bc4 e4 17. Nd4 g5 18. Qa5 Bf4+ 19. Kb1 Qg6 20. Bc5 c6 21. Bxe7 Rde8 22. dxc6 Bxc6 23. Nxc6 Qxc6 24. Qa8+ Bb8 25. Bd6 Qxc4 26. Qxb8+ Kd7 27. Qxb7+ Ke6 28. Bb4 Qc8 29. Rd6+ Ke5 30. Qb5+ Kf4 31. Bd2+ e3 32. Bxe3+ Rxe3 33. fxe3+ Kg3 34. Qe5+ Kxg2 35. Qh2+ Kf3 36. Rf1+ Ke4 37. Qg2+ Ke5 38. Qd5# 1-0


[Site "https://www.chess.com"]

[Event "Titled Tuesday Blitz November 14 Late 2023"]
[White "Makarian, Rudik"]
[Black "Aarakan, J"]
[WhiteFideId "44105681"]
[BlackFideId "9946276"]
[WhiteElo "2954"]
[BlackElo "2239"]
[Result "1-0"]
[Round "4"]
[TimeControl "180+1"]
[Date "2023.11.14"]
[WhiteClock "0:02:25"]
[BlackClock "0:01:11"]
[Board "77"]

1. d4 d5 2. c4 e6 3. Nf3 Nf6 4. Nc3 Be7 5. Bf4 O-O 6. e3 c5 7. dxc5 Bxc5 8. Qc2 Nc6 9. a3 Be7 10. Rd1 Qb6 11. cxd5 exd5 12. Nxd5 Nxd5 13. Rxd5 Be6 14. Rb5 Qd8 15. Bd3 h6 16. O-O Rc8 17. Qe2 b6 18. Bf5 a6 19. Bxe6 fxe6 20. Rh5 Bf6 21. Qxa6 Bxb2 22. Rb5 Bf6 23. Qxb6 Qxb6 24. Rxb6 e5 25. Bg3 e4 26. Nd2 Rfe8 27. Nc4 Re6 28. Nd6 Rc7 29. Nxe4 Rxe4 1-0


[Site "https://www.chess.com"]

[Event "Titled Tuesday Blitz November 14 Late 2023"]
[White "Urazayev, Arystanbek"]
[Black "Osmak, Yuliia"]
[WhiteFideId "13709810"]
[BlackFideId "14101602"]
[WhiteElo "2834"]
[BlackElo "2503"]
[Result "1-0"]
[Round "4"]
[TimeControl "180+1"]
[Date "2023.11.14"]
[WhiteClock "0:00:37"]
[BlackClock "0:00:00"]
[Board "78"]

1. e4 c5 2. Nc3 a6 3. g3 b5 4. Bg2 Bb7 5. d4 cxd4 6. Qxd4 Nc6 7. Qe3 d6 8. Nge2 Nf6 9. O-O g6 10. Rd1 Qb8 11. Nd5 Bg7 12. Nxf6+ Bxf6 13. Qh6 Ne5 14. h3 Qc7 15. c3 Qc4 16. Nd4 O-O-O 17. Bg5 Bxg5 18. Qxg5 f6 19. Qe3 Kb8 20. a4 b4 21. Bf1 Qc5 22. cxb4 Qxb4 23. Ra3 Ka8 24. Rb3 Qa5 25. Bb5 axb5 26. axb5 Nc4 27. Qe2 Rc8 28. Rc1 Qa4 29. Nc6 Bxc6 30. Qd1 Bxe4 31. Ra1 Nxb2 32. Rxb2 Qxa1 33. Qxa1+ Kb8 34. b6 Rc4 35. Qa7+ Kc8 36. b7+ 1-0


[Site "https://www.chess.com"]

[Event "Titled Tuesday Blitz November 14 Late 2023"]
[White "Arifarsky"]
[Black "Kanyamarala, Trisha"]
[BlackFideId "45004722"]
[WhiteElo "2720"]
[BlackElo "2494"]
[Result "1-0"]
[Round "4"]
[TimeControl "180+1"]
[Date "2023.11.14"]
[WhiteClock "0:01:39"]
[BlackClock "0:01:07"]
[Board "79"]

1. e4 c5 2. Nf3 d6 3. d4 cxd4 4. Qxd4 Nc6 5. Qe3 e5 6. Bc4 Be7 7. Nc3 Nf6 8. h3 O-O 9. O-O Be6 10. Bb3 Re8 11. Rd1 a6 12. Nd5 Bxd5 13. exd5 Nb8 14. c4 Nbd7 15. Ba4 Nc5 16. Bxe8 Nxe8 17. Qe2 f5 18. Be3 Ne4 19. Qc2 g5 20. Nd2 N8f6 21. Nxe4 Nxe4 22. f3 Ng3 23. Bf2 Nh5 24. Qxf5 Nf4 25. g3 Ng6 26. c5 Qc7 27. Rac1 Rf8 28. Qe6+ Kg7 29. cxd6 Qxd6 30. Qxd6 Bxd6 31. Kg2 h5 32. Bc5 Bxc5 33. Rxc5 h4 34. d6 hxg3 35. d7 Nh4+ 36. Kxg3 Rxf3+ 37. Kh2 Rf2+ 38. Kg1 Rxb2 39. Rc3 e4 40. d8=Q Rg2+ 41. Kh1 Nf3 42. Kxg2 1-0


[Site "https://www.chess.com"]

[Event "Titled Tuesday Blitz November 14 Late 2023"]
[White "GaiozNigalidze"]
[Black "Ventura Bolet, Maxim"]
[BlackFideId "22238824"]
[WhiteElo "2680"]
[BlackElo "2492"]
[Result "0-1"]
[Round "4"]
[TimeControl "180+1"]
[Date "2023.11.14"]
[WhiteClock "0:01:47"]
[BlackClock "0:00:40"]
[Board "80"]

1. d4 Nf6 2. c4 d6 3. Nc3 Nbd7 4. e4 e5 5. d5 Nc5 6. Qc2 a5 7. g3 g6 8. Bg2 Bg7 9. Nge2 O-O 10. O-O Ne8 11. Rb1 f5 12. f3 fxe4 13. fxe4 Rxf1+ 14. Bxf1 Bg4 15. Bg2 Nf6 16. Be3 Qd7 17. a3 Rf8 18. b4 axb4 19. axb4 Na6 20. c5 Bh3 21. cxd6 cxd6 22. b5 Bxg2 23. Kxg2 Ng4 24. Bg1 Nc5 25. h3 Nf6 26. Bxc5 dxc5 27. Rf1 b6 28. Qa2 Ne8 29. Rxf8+ Kxf8 30. Qa6 Qc7 31. Na4 Nd6 32. Nec3 Nc4 33. Qa8+ Ke7 34. Qg8 Kf6 35. Qe6+ Kg5 36. Qg4+ Kf6 37. Qh4+ Kf7 38. Qg4 Ne3+ 0-1


[Site "https://www.chess.com"]

[Event "Titled Tuesday Blitz November 14 Late 2023"]
[White "Jesseinkman"]
[Black "Djokic, Mihailo"]
[BlackFideId "976440"]
[WhiteElo "2490"]
[BlackElo "2670"]
[Result "0-1"]
[Round "4"]
[TimeControl "180+1"]
[Date "2023.11.14"]
[WhiteClock "0:00:52"]
[BlackClock "0:02:37"]
[Board "81"]

1. e4 c5 2. Nf3 d6 3. d4 cxd4 4. Nxd4 Nf6 5. Nc3 g6 6. Be3 Bg7 7. f3 O-O 8. Qd2 Nc6 9. g4 Bd7 10. h4 Rc8 11. h5 Ne5 12. hxg6 fxg6 13. O-O-O Qa5 14. Kb1 Rxc3 15. Qxc3 Qxc3 16. bxc3 Rc8 17. g5 Nh5 18. f4 Ng4 19. Bh3 Rxc3 20. Bxg4 Bxg4 21. Rde1 Rxe3 22. Rxe3 Bxd4 23. Rd3 Bc5 24. f5 Nf4 25. Rg3 gxf5 26. exf5 Bxf5 27. Rf1 e5 28. Rgf3 Kf7 29. Rxf4 exf4 30. Rxf4 Kg6 0-1


[Site "https://www.chess.com"]

[Event "Titled Tuesday Blitz November 14 Late 2023"]
[White "Slaby, Jerzy"]
[Black "YouShallNotPass001"]
[WhiteFideId "1121405"]
[WhiteElo "2661"]
[BlackElo "2482"]
[Result "1-0"]
[Round "4"]
[TimeControl "180+1"]
[Date "2023.11.14"]
[WhiteClock "0:00:24"]
[BlackClock "0:02:03"]
[Board "82"]

1. Nf3 Nf6 2. c4 e6 3. Nc3 d5 4. d4 Bb4 5. g3 dxc4 6. Bg2 b5 7. O-O Bxc3 8. bxc3 Bb7 9. a4 a6 10. Ba3 Nd5 11. Qc1 f6 12. Nd2 Nd7 13. Rb1 c6 14. Nxc4 Qb8 15. Nd6+ Kd8 16. Nf7+ Kc7 17. Nxh8 Qxh8 18. c4 bxc4 19. e4 N5b6 20. a5 Nc8 21. Qxc4 Na7 22. e5 Nb5 23. Bd6+ Kc8 24. Bxc6 Nxd6 25. Bxb7+ Kd8 26. exd6 Qg8 27. Qc7+ Ke8 28. Bxa8 Kf7 29. Qxd7+ Kg6 30. Be4+ f5 31. Bg2 h5 32. Qe7 h4 33. Rb7 1-0


[Site "https://www.chess.com"]

[Event "Titled Tuesday Blitz November 14 Late 2023"]
[White "Maltsevskaya, Aleksandra"]
[Black "Martin Barcelo, Carles"]
[WhiteFideId "24174041"]
[BlackFideId "24561444"]
[WhiteElo "2651"]
[BlackElo "2478"]
[Result "1-0"]
[Round "4"]
[TimeControl "180+1"]
[Date "2023.11.14"]
[WhiteClock "0:01:29"]
[BlackClock "0:00:56"]
[Board "83"]

1. Nf3 d5 2. g3 c5 3. d3 Nc6 4. Bg2 e5 5. O-O f6 6. e4 Nge7 7. exd5 Nxd5 8. Nbd2 Be6 9. Nc4 Be7 10. c3 O-O 11. Re1 Qd7 12. a4 Nb6 13. Ne3 Rad8 14. a5 Nd5 15. Nh4 f5 16. Nhxf5 Rxf5 17. Nxf5 Bxf5 18. Be3 Nxe3 19. Rxe3 Bxd3 20. a6 e4 21. Qb3+ c4 22. Qxb7 Qxb7 23. axb7 Rb8 24. Bxe4 Bxe4 25. Rxe4 Rxb7 26. Rxc4 Ne5 27. Rc8+ Kf7 28. b4 Bf6 29. Ra8 Nc6 30. Ra6 Rc7 31. b5 Ne7 32. R6xa7 Rxa7 33. Rxa7 Bxc3 34. b6 Bd4 35. Rb7 Ke6 36. Rb8 Kd7 37. b7 Kc7 38. Rd8 Nc6 39. b8=Q+ Nxb8 40. Rxd4 Nd7 41. Rf4 Nf6 42. Rd4 Nd7 43. Kg2 Kd8 44. Re4 Nc5 45. Re2 Kd7 46. f4 Ne6 47. f5 Nd4 48. Rd2 1-0


[Site "https://www.chess.com"]

[Event "Titled Tuesday Blitz November 14 Late 2023"]
[White "Wanyama, Harold"]
[Black "GatoRojo150"]
[WhiteFideId "10000380"]
[WhiteElo "2452"]
[BlackElo "2627"]
[Result "0-1"]
[Round "4"]
[TimeControl "180+1"]
[Date "2023.11.14"]
[WhiteClock "0:00:00"]
[BlackClock "0:00:16"]
[Board "84"]

1. d4 d5 2. c4 dxc4 3. e3 Nc6 4. Bxc4 e5 5. d5 Na5 6. Bf1 c6 7. e4 Nf6 8. Nc3 Bb4 9. Bd2 O-O 10. dxc6 Nxc6 11. Nf3 Bg4 12. Be2 Bxf3 13. Bxf3 Nd4 14. Be3 Rc8 15. Rc1 Qa5 16. O-O Rfd8 17. Nd5 Nxd5 18. Rxc8 Rxc8 19. Bxd4 Nf4 20. Be3 Rd8 21. Qb3 b6 22. g3 Ne6 23. Rd1 Bc5 24. Rxd8+ Nxd8 25. Qd5 Ne6 26. Bxc5 Qxc5 27. Qa8+ Nf8 28. Qxa7 Qc1+ 29. Kg2 Qxb2 30. h4 g6 31. h5 Kg7 32. Bg4 Qd4 33. Qb7 Kf6 34. h6 Ne6 35. Qc6 Kg5 36. Bxe6 fxe6 37. Qc1+ Kf6 38. Qe1 g5 39. Qe2 Kg6 40. Qg4 Qd6 0-1


[Site "https://www.chess.com"]

[Event "Titled Tuesday Blitz November 14 Late 2023"]
[White "Gubajdullin, Alexei"]
[Black "Akhayan, Ruben"]
[WhiteFideId "4141202"]
[BlackFideId "204439"]
[WhiteElo "2621"]
[BlackElo "2431"]
[Result "1-0"]
[Round "4"]
[TimeControl "180+1"]
[Date "2023.11.14"]
[WhiteClock "0:02:16"]
[BlackClock "0:01:32"]
[Board "85"]

1. d4 Nf6 2. Nf3 g6 3. Bf4 Bg7 4. e3 O-O 5. Be2 d6 6. O-O c5 7. c3 cxd4 8. exd4 Nbd7 9. h3 b6 10. a4 Bb7 11. Nbd2 a6 12. Re1 Rc8 13. Bh2 Rc7 14. Bf1 Re8 15. Nc4 Qa8 16. Nfd2 Rcc8 17. a5 b5 18. Nb6 Nxb6 19. axb6 Rc6 20. Bxb5 axb5 21. Rxa8 Bxa8 22. Qa1 Nd5 23. Ne4 Rb8 24. Nc5 Rbxb6 25. Qxa8+ 1-0


[Site "https://www.chess.com"]

[Event "Titled Tuesday Blitz November 14 Late 2023"]
[White "Golubev, Mikhail"]
[Black "Arnold, Ken"]
[WhiteFideId "14100983"]
[BlackFideId "2056836"]
[WhiteElo "2620"]
[BlackElo "2408"]
[Result "0-1"]
[Round "4"]
[TimeControl "180+1"]
[Date "2023.11.14"]
[WhiteClock "0:00:00"]
[BlackClock "0:01:30"]
[Board "86"]

1. e4 c6 2. Nf3 d5 3. Nc3 Nf6 4. e5 d4 5. exf6 dxc3 6. bxc3 exf6 7. d4 Bd6 8. Bd3 O-O 9. O-O Bg4 10. h3 Bh5 11. Rb1 b6 12. c4 Nd7 13. c3 Qc7 14. a4 c5 15. Be3 Rfe8 16. Bf5 Rad8 17. Bg4 Bg6 18. Bxd7 Rxd7 19. Rc1 Rde7 20. Nh4 Bf4 21. Nxg6 hxg6 22. Bxf4 Qxf4 23. a5 Re2 24. axb6 axb6 25. dxc5 bxc5 26. Qd5 R8e5 27. Qd8+ Kh7 28. Qd3 Rd2 29. Qg3 Qxg3 30. fxg3 Ree2 31. Rf4 Rxg2+ 32. Kf1 Rxg3 33. Rh4+ Kg8 34. Ra1 Rgd3 0-1


[Site "https://www.chess.com"]

[Event "Titled Tuesday Blitz November 14 Late 2023"]
[White "Semenenko, Dmytry"]
[Black "aghasiyevkamal"]
[WhiteFideId "14118645"]
[WhiteElo "2389"]
[BlackElo "2584"]
[Result "0-1"]
[Round "4"]
[TimeControl "180+1"]
[Date "2023.11.14"]
[WhiteClock "0:00:00"]
[BlackClock "0:01:21"]
[Board "87"]

1. Nf3 d5 2. c4 e6 3. d4 Nf6 4. Nc3 Be7 5. Bg5 Nbd7 6. e3 h6 7. Bh4 O-O 8. Bd3 c5 9. O-O b6 10. cxd5 Nxd5 11. Bxe7 Nxe7 12. Bc2 Bb7 13. Qd3 Nf6 14. Ne5 cxd4 15. exd4 Rc8 16. Ng4 Nf5 17. Nxf6+ Qxf6 18. d5 Rcd8 19. g4 Qg5 20. Kh1 Qxg4 21. Rg1 Qh5 22. Qe4 Rxd5 23. f3 Rd2 24. Rxg7+ Kxg7 25. Rg1+ Kh8 26. Rg2 Ng3+ 0-1


[Site "https://www.chess.com"]

[Event "Titled Tuesday Blitz November 14 Late 2023"]
[White "Lymar, Vladislav"]
[Black "el_sporco"]
[WhiteFideId "14162180"]
[WhiteElo "2577"]
[BlackElo "2376"]
[Result "1-0"]
[Round "4"]
[TimeControl "180+1"]
[Date "2023.11.14"]
[WhiteClock "0:02:04"]
[BlackClock "0:01:43"]
[Board "88"]

1. d4 Nf6 2. c4 e6 3. Bf4 b6 4. a3 Bb7 5. Nc3 Be7 6. d5 O-O 7. e4 d6 8. Bd3 Nbd7 9. h3 Nc5 10. Bc2 exd5 11. exd5 Nh5 12. Be3 g6 13. Nge2 Bg5 14. Bd4 Bf6 15. O-O Bxd4 16. Qxd4 Qf6 17. Qxf6 Nxf6 18. Nb5 Rfc8 19. Ned4 a6 20. Nc3 Re8 21. Rfe1 Kf8 22. b4 Ncd7 23. f4 Rxe1+ 24. Rxe1 Re8 25. Rxe8+ Kxe8 26. Kf2 Ng8 27. Ne4 Ne7 28. Ba4 h6 29. Nf6+ 1-0


[Site "https://www.chess.com"]

[Event "Titled Tuesday Blitz November 14 Late 2023"]
[White "Bettalli, Francesco"]
[Black "Esquivel Golcher, Luis Enrique"]
[WhiteFideId "2816453"]
[BlackFideId "6600174"]
[WhiteElo "2552"]
[BlackElo "2371"]
[Result "1-0"]
[Round "4"]
[TimeControl "180+1"]
[Date "2023.11.14"]
[WhiteClock "0:02:39"]
[BlackClock "0:01:59"]
[Board "89"]

1. d4 e6 2. Nc3 d5 3. e4 Bb4 4. exd5 exd5 5. Bd3 Be6 6. Ne2 Ne7 7. O-O Nbc6 8. a3 Bd6 9. Be3 Nf5 10. Nf4 Nxe3 11. fxe3 Qg5 12. Qf3 O-O-O 13. Nb5 Bxf4 14. Qxf4 Qxf4 15. Rxf4 a6 16. Nc3 Ne7 17. Na4 Ng6 18. Bxg6 hxg6 19. Nc5 Bf5 20. g4 Rh4 21. gxf5 1-0


[Site "https://www.chess.com"]

[Event "Titled Tuesday Blitz November 14 Late 2023"]
[White "Ocelak, Jakub"]
[Black "Fernandez Bustamante, Leancy B."]
[WhiteFideId "23707933"]
[BlackFideId "3523870"]
[WhiteElo "2546"]
[BlackElo "2369"]
[Result "0-1"]
[Round "4"]
[TimeControl "180+1"]
[Date "2023.11.14"]
[WhiteClock "0:01:25"]
[BlackClock "0:01:45"]
[Board "90"]

1. b3 c5 2. Bb2 d6 3. e4 Nc6 4. Bb5 Qb6 5. a4 a6 6. Bxc6+ Qxc6 7. Nc3 Nf6 8. Qe2 Bg4 9. Nf3 g6 10. O-O Bg7 11. h3 Bxf3 12. Qxf3 O-O 13. a5 Nd7 14. Nd5 Rae8 15. Bxg7 Kxg7 16. Qc3+ Kg8 17. Rfe1 e6 18. Ne3 Qxe4 19. Ng4 Qd4 20. Qxd4 cxd4 21. c3 f5 22. Rxe6 Rxe6 23. cxd4 fxg4 24. d5 Re2 25. Rc1 Rfxf2 26. Rc7 Rxg2+ 27. Kf1 Ne5 28. Rc8+ Kg7 29. Rc7+ Kh6 30. h4 g3 31. Rxb7 Rgf2+ 32. Kg1 Re1# 0-1


[Site "https://www.chess.com"]

[Event "Titled Tuesday Blitz November 14 Late 2023"]
[White "Hirneise, Jens"]
[Black "TheAlienParty"]
[WhiteFideId "24614734"]
[WhiteElo "2542"]
[BlackElo "2364"]
[Result "0-1"]
[Round "4"]
[TimeControl "180+1"]
[Date "2023.11.14"]
[WhiteClock "0:00:27"]
[BlackClock "0:00:45"]
[Board "91"]

1. c4 e5 2. Nc3 Nc6 3. g3 f5 4. Bg2 Nf6 5. d3 Bb4 6. Bd2 O-O 7. e4 fxe4 8. dxe4 d6 9. Nge2 a5 10. h3 Qe8 11. Nd5 Nxd5 12. cxd5 Nd4 13. Nxd4 exd4 14. Bxb4 axb4 15. Qxd4 b3 16. a3 Ra4 17. Qd3 Bf5 18. O-O Bxe4 19. Bxe4 Rxe4 20. Qxb3 b6 21. Rac1 Rf7 22. Qd3 h5 23. Rc4 Rxc4 24. Qxc4 Qe5 25. b4 Qf5 26. Kg2 Qf3+ 27. Kg1 Re7 28. a4 g5 29. a5 bxa5 30. bxa5 h4 31. Qg4 Qxd5 32. a6 Qa8 33. Qxg5+ Rg7 34. Qxh4 Qxa6 35. Re1 Qb5 36. Qh5 Qxh5 0-1


[Site "https://www.chess.com"]

[Event "Titled Tuesday Blitz November 14 Late 2023"]
[White "Diaz, Fernando"]
[Black "Chylewski, Patryk"]
[WhiteFideId "3701255"]
[BlackFideId "1186191"]
[WhiteElo "2355"]
[BlackElo "2536"]
[Result "0-1"]
[Round "4"]
[TimeControl "180+1"]
[Date "2023.11.14"]
[WhiteClock "0:00:06"]
[BlackClock "0:00:06"]
[Board "92"]

1. e4 c5 2. d4 cxd4 3. c3 dxc3 4. Nxc3 e6 5. Bc4 Nc6 6. Nf3 Qc7 7. O-O Nf6 8. Qe2 Ng4 9. g3 a6 10. Bb3 Be7 11. h3 Nge5 12. Nxe5 Nxe5 13. f4 Nc6 14. Be3 O-O 15. Rac1 d6 16. Na4 b5 17. Nb6 Rb8 18. Nxc8 Rbxc8 19. f5 d5 20. exd5 Qxg3+ 21. Kh1 Qxh3+ 22. Kg1 exd5 23. Bxd5 Ne5 24. Bg2 Qg4 25. Qd2 Rxc1 26. Qxc1 Nc4 27. Rf4 Qg3 28. Bf2 Qg5 29. b3 Ne5 30. Bh4 Nf3+ 31. Rxf3 Qxc1+ 32. Kh2 Bxh4 33. Rh3 Qf4+ 34. Kg1 Rc8 35. Rf3 Rc1+ 36. Rf1 Rxf1+ 37. Bxf1 Qf2+ 38. Kh1 Qxf1+ 39. Kh2 Qf2+ 40. Kh3 Qg3# 0-1


[Site "https://www.chess.com"]

[Event "Titled Tuesday Blitz November 14 Late 2023"]
[White "Biernacki, Mark"]
[Black "Baches Garcia, Guillermo"]
[WhiteFideId "2082322"]
[BlackFideId "2209764"]
[WhiteElo "2344"]
[BlackElo "2528"]
[Result "0-1"]
[Round "4"]
[TimeControl "180+1"]
[Date "2023.11.14"]
[WhiteClock "0:00:11"]
[BlackClock "0:00:55"]
[Board "93"]

1. e4 d5 2. exd5 Qxd5 3. Nc3 Qa5 4. Bc4 Nf6 5. Nf3 Nc6 6. d4 Bg4 7. Be3 O-O-O 8. Bxf7 e5 9. d5 e4 10. h3 exf3 11. hxg4 fxg2 12. Rg1 Bb4 13. Bd2 Nxd5 14. Nxd5 Rxd5 15. Bxd5 Re8+ 16. Qe2 Bxd2+ 17. Kd1 Rxe2 18. Kxe2 Qxd5 19. Rad1 Nd4+ 20. Kxd2 Nf3+ 21. Ke3 Qxd1 22. Rxd1 g1=Q 23. Rxg1 Nxg1 24. f3 Nh3 25. f4 g5 26. f5 Kd8 27. Kf3 Ke7 28. Ke4 Nf4 0-1


[Site "https://www.chess.com"]

[Event "Titled Tuesday Blitz November 14 Late 2023"]
[White "Karas, Marek"]
[Black "rikchessmx"]
[WhiteFideId "14928558"]
[WhiteElo "2521"]
[BlackElo "2333"]
[Result "1-0"]
[Round "4"]
[TimeControl "180+1"]
[Date "2023.11.14"]
[WhiteClock "0:01:11"]
[BlackClock "0:00:03"]
[Board "94"]

1. a3 e5 2. c4 Nc6 3. Nc3 f5 4. e3 Nf6 5. d4 d6 6. Nf3 e4 7. Nd2 Be7 8. b4 O-O 9. Be2 a5 10. b5 Nb8 11. Qb3 Kh8 12. Bb2 Qe8 13. g3 c6 14. a4 Nbd7 15. Ba3 c5 16. Nd1 b6 17. Bb2 Bb7 18. d5 Nh5 19. h4 Bf6 20. Bxf6 Nhxf6 21. Nc3 Ne5 22. O-O-O Nfg4 23. Bxg4 Nxg4 24. Rdf1 Qe5 25. Ne2 Qa1+ 26. Kc2 Qe5 27. Qc3 Rae8 28. Qxe5 Nxe5 29. Kc3 Bc8 30. Nf4 Bd7 31. h5 Rf6 32. Rh4 Rh6 33. Rfh1 Rf8 34. Nh3 Ng4 35. Rf1 Be8 36. Nxe4 fxe4 37. Rxg4 Rxh5 38. Ng5 Bd7 39. Rf4 Rxf4 40. gxf4 Bf5 41. Nf7+ Kg8 42. Nxd6 Bg6 43. Nc8 Rh2 44. Nxb6 Bf5 45. d6 Kf7 46. Nd5 Ke6 47. Ne7 Bh3 48. Rd1 Kd7 49. Rd2 Bg4 50. b6 Rh1 51. Kb2 1-0


[Site "https://www.chess.com"]

[Event "Titled Tuesday Blitz November 14 Late 2023"]
[White "Avalos Parra, Joao"]
[Black "Reprintsev, Alexander"]
[WhiteFideId "3402541"]
[BlackFideId "14100541"]
[WhiteElo "2332"]
[BlackElo "2517"]
[Result "1-0"]
[Round "4"]
[TimeControl "180+1"]
[Date "2023.11.14"]
[WhiteClock "0:01:25"]
[BlackClock "0:00:17"]
[Board "95"]

1. d4 d5 2. c4 e5 3. dxe5 d4 4. a3 Nc6 5. e3 Nge7 6. Be2 Bf5 7. Bd3 Nxe5 8. Bxf5 Nxf5 9. e4 Nd6 10. Nf3 Nxf3+ 11. Qxf3 Nxc4 12. O-O Ne5 13. Qb3 Bd6 14. f4 Nc6 15. Qxb7 Na5 16. Qd5 c6 17. Qxd4 Nb3 18. Qxg7 Bc5+ 19. Kh1 Qd4 20. Qh6 Nxa1 21. Qxc6+ Ke7 22. Nc3 Rad8 23. f5 Qd6 24. Nd5+ 1-0


[Site "https://www.chess.com"]

[Event "Titled Tuesday Blitz November 14 Late 2023"]
[White "Ferreira, Vitor Hugo Vieira"]
[Black "Floresvillar Gonzalez, Luis Migu"]
[WhiteFideId "2119765"]
[BlackFideId "5100542"]
[WhiteElo "2515"]
[BlackElo "2217"]
[Result "1-0"]
[Round "4"]
[TimeControl "180+1"]
[Date "2023.11.14"]
[WhiteClock "0:00:30"]
[BlackClock "0:00:00"]
[Board "96"]

1. d4 d5 2. c4 c6 3. Nc3 Nf6 4. e3 Be6 5. Qb3 Qb6 6. c5 Qxb3 7. axb3 a6 8. b4 Nbd7 9. b5 cxb5 10. Nxb5 Rc8 11. Nc3 Bf5 12. Bd2 e5 13. Nf3 exd4 14. exd4 g6 15. b4 Bg7 16. b5 axb5 17. Bxb5 O-O 18. O-O Rfd8 19. Ra7 Ne4 20. Nxd5 Nxd2 21. Nxd2 Rb8 22. Ne7+ Kf8 23. Nxf5 gxf5 24. Nf3 Nf6 25. Bd3 Ne4 26. Rb1 Bxd4 27. Nxd4 Rxd4 28. Bxe4 fxe4 29. c6 Rc4 30. cxb7 Kg7 31. g3 Rc7 32. Rb6 f5 33. Kf1 h5 34. h4 Kf7 35. Ke2 Kg7 36. Ke3 Rc3+ 37. Kf4 Rf3+ 38. Kg5 Rxf2 39. Ra8 Rf3 40. Rxb8 Rxg3+ 41. Kxf5 e3 42. Re8 Rf3+ 43. Kg5 1-0


[Site "https://www.chess.com"]

[Event "Titled Tuesday Blitz November 14 Late 2023"]
[White "Novikova, Margarita"]
[Black "Omariev, Maksim"]
[WhiteFideId "14109689"]
[BlackFideId "4193423"]
[WhiteElo "2176"]
[BlackElo "2508"]
[Result "0-1"]
[Round "4"]
[TimeControl "180+1"]
[Date "2023.11.14"]
[WhiteClock "0:00:13"]
[BlackClock "0:00:03"]
[Board "97"]

1. e4 c5 2. Nc3 Nc6 3. d3 g6 4. Be3 d6 5. Qd2 Bg7 6. g3 h5 7. h4 Nf6 8. Bg2 Ng4 9. Bg5 Nd4 10. Nd1 Ne6 11. c3 Nxg5 12. hxg5 Qb6 13. Ne2 Bd7 14. d4 Bb5 15. f3 Bxe2 16. Qxe2 cxd4 17. fxg4 hxg4 18. Rxh8+ Bxh8 19. a4 Be5 20. Qd3 dxc3 21. bxc3 Qg1+ 22. Qf1 Bxg3+ 23. Ke2 Qc5 24. Kd2 Qxg5+ 25. Kc2 a6 26. Qd3 Be5 27. Rb1 Rb8 28. Ne3 Bg7 29. Nd5 e6 30. Nc7+ Kd7 31. Nxa6 Rc8 32. Rxb7+ Ke8 33. Nc7+ Kf8 34. Qxd6+ Kg8 35. Qd7 Rd8 36. Qb5 Qd2+ 37. Kb3 Qxc3+ 38. Ka2 Rd2+ 0-1


[Site "https://www.chess.com"]

[Event "Titled Tuesday Blitz November 14 Late 2023"]
[White "BardArtem"]
[Black "Buchenau, Frank"]
[BlackFideId "4604350"]
[WhiteElo "2822"]
[BlackElo "2417"]
[Result "1-0"]
[Round "4"]
[TimeControl "180+1"]
[Date "2023.11.14"]
[WhiteClock "0:01:18"]
[BlackClock "0:00:00"]
[Board "98"]

1. e4 e6 2. d4 d5 3. Nc3 Nf6 4. exd5 exd5 5. Bg5 Be7 6. Qd2 h6 7. Bh4 Ne4 8. Bxe7 Qxe7 9. Nxe4 Qxe4+ 10. Ne2 O-O 11. O-O-O Re8 12. Nc3 Qe6 13. Bd3 c6 14. Rde1 Qd7 15. Rxe8+ Qxe8 16. Re1 Qd8 17. Qf4 Be6 18. Ne2 Nd7 19. h4 Qa5 20. Nc3 b5 21. a3 b4 22. axb4 Qxb4 23. Re3 Rb8 24. Nd1 c5 25. Rg3 Kh8 26. c3 Qb6 27. Bc2 a5 28. Ba4 Rc8 29. Bxd7 Bxd7 30. Qxf7 1-0


[Site "https://www.chess.com"]

[Event "Titled Tuesday Blitz November 14 Late 2023"]
[White "Goltsev, Dmitry"]
[Black "Suspenser17"]
[WhiteFideId "24176710"]
[WhiteElo "2716"]
[BlackElo "2406"]
[Result "1-0"]
[Round "4"]
[TimeControl "180+1"]
[Date "2023.11.14"]
[WhiteClock "0:02:00"]
[BlackClock "0:00:49"]
[Board "99"]

1. e4 e5 2. Nf3 Nc6 3. Bb5 a6 4. Ba4 Nf6 5. O-O Be7 6. Re1 b5 7. Bb3 d6 8. c3 O-O 9. d4 Bg4 10. h3 Bxf3 11. gxf3 Nh5 12. Bd5 Qd7 13. dxe5 Nxe5 14. f4 Nxf4 15. Bxf4 Qxh3 16. Re3 Qh4 17. Bg3 Qf6 18. Bxa8 Rxa8 19. Nd2 Rd8 20. f4 Ng6 21. Qg4 h5 22. Qf5 h4 23. Qxf6 Bxf6 24. Bh2 1-0


[Site "https://www.chess.com"]

[Event "Titled Tuesday Blitz November 14 Late 2023"]
[White "Hoffmann, Asa"]
[Black "Wu, Derek"]
[WhiteFideId "2001470"]
[BlackFideId "30914558"]
[WhiteElo "2404"]
[BlackElo "2667"]
[Result "0-1"]
[Round "4"]
[TimeControl "180+1"]
[Date "2023.11.14"]
[WhiteClock "0:00:00"]
[BlackClock "0:00:12"]
[Board "100"]

1. d4 d5 2. Bg5 f6 3. Bf4 h5 4. h3 Nc6 5. e3 e5 6. Bh2 a6 7. Nc3 Be6 8. Nf3 e4 9. Nd2 f5 10. Ne2 Nf6 11. a3 h4 12. Nf4 Bf7 13. c4 Ne7 14. cxd5 Nexd5 15. Bc4 c6 16. Rc1 Bd6 17. Nxd5 cxd5 18. Ba2 Bxh2 19. Rxh2 Qd6 20. Rh1 f4 21. Qe2 O-O 22. exf4 Nh5 23. Rg1 Nxf4 24. Qe3 Nd3+ 25. Kd1 Rac8 26. Rb1 Kh8 27. f3 Qg3 28. Nf1 Qg6 29. Kd2 Rc6 30. g3 Rfc8 31. gxh4 Rc2+ 32. Kd1 Qh5 33. Nd2 Rc1+ 34. Rxc1 Rxc1+ 35. Ke2 Rxg1 36. Qxg1 Qxh4 37. fxe4 Nf4+ 38. Ke3 Nxh3 39. Qf1 Qg5+ 40. Kd3 dxe4+ 41. Nxe4 Qh5 42. Bc4 Bxc4+ 43. Kxc4 Qb5+ 44. Kc3 Qxf1 0-1


[Site "https://www.chess.com"]